 Dungeon Crawl Stone Soup version 0.30.1 (webtiles) character file.

Game seed: 17834857155737929918

27 cheesebisquit the Ducker (level 3, 0/28 HPs)
             Began as a Merfolk Gladiator on July 2, 2023.
             Succumbed to a kobold's poison
             ... on level 1 of the Dungeon.
             The game lasted 00:02:38 (631 turns).

cheesebisquit the Ducker (Merfolk Gladiator)         Turns: 631, Time: 00:02:38

Health: 0/28       AC:  7    Str: 14    XL:     3   Next: 10%
Magic:  3/3        EV: 13    Int:  9    God:
Gold:   63         SH:  0    Dex: 15    Spells: 2/2 levels left

rFire   + . .        a - +0 rapier
rCold   + . .        (no shield)
rNeg    . . .        b - +0 leather armour
rPois   +            c - +0 helmet
rElec   +            (no cloak)
rCorr   +            f - +2 pair of gloves {Stlth+}
SInv    .            (no boots)
Will    .....        (no amulet)
Stlth   +++          (no ring)
HPRegen 0.24/turn    (no ring)
MPRegen 0.08/turn

%: no passive effects
@: lethally poisoned (0 -> -10), resistant
A: (nimble swimmer 2), mertail
a: no special abilities


You were on level 1 of the Dungeon.
You visited 1 branch of the dungeon, and saw 1 of its levels.

You collected 63 gold pieces.

Inventory:

Hand Weapons
 a - a +0 rapier (weapon)
Missiles
 d - 3 throwing nets (quivered)
 e - a javelin
 k - 3 poisoned darts
Armour
 b - a +0 leather armour (worn)
 c - a +0 helmet (worn)
 f - a +2 pair of gloves of stealth (worn)
Scrolls
 g - a scroll of enchant armour {unknown}
 h - a scroll of vulnerability {unknown}
 l - a scroll of teleportation {unknown}
 m - a scroll of enchant weapon {unknown}


   Skills:
 + Level 2.6 Fighting
 * Level 4.2 Short Blades
 - Level 2.0 Throwing
 + Level 4.3 Dodging
 + Level 1.2 Stealth


You had 2 spell levels left.
You didn't know any spells.
Your spell library was empty.

Dungeon Overview and Level Annotations

Branches:
Dungeon (1/15)

Altars:


Innate Abilities, Weirdness & Mutations

((You are very nimble when in or above water. (Stealth+, EV+, Speed+++)))
Your lower body shifts to a powerful aquatic tail in water.


Message History

The kobold is moderately wounded.
The kobold hits you but does no damage.
You barely miss the kobold. The kobold hits you but does no damage.
You are poisoned.
You hit the kobold but do no damage.
You feel sick. The kobold hits you but does no damage.
You are more poisoned.
You hit the kobold but do no damage.
You feel sick. The kobold misses you.
You closely miss the kobold.
You feel sick. The kobold misses you.
You closely miss the kobold.
You feel sick. The kobold hits you but does no damage.
You are more poisoned.
You hit the kobold.
The kobold is moderately wounded.
You feel very sick. The kobold barely misses you.
You closely miss the kobold.
The kobold is moderately wounded.
You feel very sick. The kobold hits you but does no damage.
You are lethally poisoned!
It was a potion of resistance.
You feel protected.
You feel very sick. The kobold hits you but does no damage.
It was a potion of magic.
Magic courses through your body.
* * * LOW HITPOINT WARNING * * *
You feel very sick. The kobold barely misses you.
You closely miss the kobold.
The kobold is moderately wounded.
* * * LOW HITPOINT WARNING * * *
You feel very sick.
The kobold hits you with a +0 dagger of venom.
* * * LOW HITPOINT WARNING * * *
Okay, then.
The endoplasm quivers.
You hit the kobold.
The kobold is heavily wounded.
You die...

.............# #.###.#.#######
..[..####+#### #.....#.......#
.....# #...# #####.#..####.#
.....######.#### #..........#.#
##.............###.##.#..#..#.#
#..........##.#...#.....#.##.#
##..........##.#.##......#....#
............##...##......######
............###.@##.รท.#..#
..........).# #.K........#
....######### ##.#....##.#
....# #######..^......# ....#
#.......#..##....# ....#
#.##.#..#..# ..... ....# #
#....## ...#. ....# ...J..
.#... ....# ....... ##.


You could see an endoplasm and a kobold.

Vanquished Creatures
  An endoplasm (D:1)
  A giant cockroach (D:1)
  3 goblins (D:1)
  A hobgoblin (D:1)
  8 jackals (D:1)
  A quokka (D:1)
  4 ball pythons (D:1)
  2 bats (D:1)
  A frilled lizard (D:1)
  A rat (D:1)
23 creatures vanquished.

Notes
Turn   | Place    | Note
-------+----------+-------------------------------------------
     0 | D:1      | cheesebisquit the Merfolk Gladiator began the quest for the
                  | Orb.
     0 | D:1      | Reached XP level 1. HP: 16/16 MP: 1/1
   181 | D:1      | Reached XP level 2. HP: 23/23 MP: 2/2
   372 | D:1      | Reached skill level 1 in Stealth
   514 | D:1      | Reached XP level 3. HP: 28/28 MP: 3/3
   631 | D:1      | Succumbed to a kobold's poison

Illustrated notes

Levels and vault maps discovered:
D:1:      saegor_arrival_simple_d, layout_basic, nrook_campfire,
          kennysheep_nondescript

Skill      XL: |  1  2 |
---------------+-------+-----
Short Blades   | 4 |  4.2
Stealth        | 1 |  1.2
Fighting       | |  2.6
Throwing       | |  2.0
Dodging        | |  4.3

Action                     || total
---------------------------++-------
  Melee: Rapier            ||    74
         Punch             ||     1
    Use: Potion            ||     2
   Stab: Sleeping          ||     8
 Armour: Leather armour    ||    26
  Dodge: Dodged            ||    45
